 Dungeon Crawl Stone Soup version 0.23-a0-667-gc184e93 (console) character file.

49 Voker57 the Slasher (level 3, 0/28 HPs)
             Began as a Demonspawn Gladiator on Jan 8, 2019.
             Succumbed to Jessica's poison
             ... on level 2 of the Dungeon.
             The game lasted 00:01:08 (1033 turns).

Voker57 the Slasher (Demonspawn Gladiator)          Turns: 1033, Time: 00:01:09

Health: 0/28       AC:  4    Str: 14    XL:     3   Next: 51%
Magic:  3/3        EV: 13    Int:  9    God:
Gold:   45         SH:  0    Dex: 15    Spells: 2/2 levels left

rFire    . . .     SeeInvis .   a - +0 long sword
rCold    . . .     Gourm    .   (no shield)
rNeg     . . .     Faith    .   b - +0 leather armour
rPois    .         Spirit   .   c - +0 helmet
rElec    .         Reflect  .   (no cloak)
rCorr    .         Harm     .   (no gloves)
MR       .....                  (no boots)
Stlth    +.........             (no amulet)
HPRegen  0.09/turn              (no ring)
MPRegen  0.08/turn              (no ring)

@: lethally poisoned (0 -> -7), flying
A: sturdy frame 2
a: no special abilities


You were on level 2 of the Dungeon.
You were hungry.

You visited 1 branch of the dungeon, and saw 2 of its levels.

You collected 45 gold pieces.

Inventory:

Hand Weapons
 a - a +0 long sword (weapon)
Armour
 b - a +0 leather armour (worn)
 c - a +0 helmet (worn)
Jewellery
 m - a cursed ring of attention {unknown}
Scrolls
 e - a scroll of remove curse {unknown}
 g - 3 scrolls of identify {unknown}
 h - a scroll of enchant weapon {unknown}
 j - a scroll of fear {unknown}
 k - a scroll of amnesia {unknown}
Potions
 n - a potion of brilliance
Comestibles
 f - 4 rations


   Skills:
 + Level 2.5 Fighting
 * Level 3.5 Long Blades
 - Level 1.7 Throwing
 + Level 0.1 Armour
 + Level 3.1 Dodging


You had 2 spell levels left.
You didn't know any spells.
Your spell library was empty.

Dungeon Overview and Level Annotations

Branches:
Dungeon (2/15)

Altars:

Annotations:
D:2 Jessica


Innate Abilities, Weirdness & Mutations

Your movements are less encumbered by armour. (ER -4)


Message History

Jessica blinks!
There is a lethal amount of poison in your body!
You feel very buoyant.
You fly up into the air.
* * * LOW HITPOINT WARNING * * *
You feel sick.
* * * LOW HITPOINT WARNING * * *
You feel sick. Jessica casts a spell at you. You resist with some effort.
You see here a throwing net.
* * * LOW HITPOINT WARNING * * *
You feel sick. Jessica gestures at you while chanting.
Pain shoots through your body!
* * * LOW HITPOINT WARNING * * *
You see here a throwing net.
You barely miss Jessica.
Jessica is heavily wounded.
You die...

#.. ##.# #... #..#
#..# #.)# #..#
#..### .#
#.######..(.# #.#
#....@@(.##)# #..
###########.# #.#
#.##### #.#
#.....# #.#
.......###.#####.#
.#####.# #.......#
#.###.##.....
#.....##.####
#.#.<....##
#.#.......###


You could see Jessica.

Vanquished Creatures
  2 adders (D:2)
  A dart slug (D:1)
  A leopard gecko (D:2)
  7 bats
  A giant cockroach (D:1)
  4 goblins
  3 hobgoblins (D:1)
  3 kobolds (D:1)
  A quokka (D:2)
  A frilled lizard (D:1)
  2 rats (D:1)
26 creatures vanquished.

Notes
Turn   | Place    | Note
-------+----------+-------------------------------------------
     0 | D:1      | Voker57 the Demonspawn Gladiator began the quest for the
                  | Orb.
     0 | D:1      | Reached XP level 1. HP: 16/16 MP: 1/1
   108 | D:1      | Gained mutation: Your movements are slightly less
                  | encumbered by armour. (ER -2) [demonic ancestry]
   108 | D:1      | Reached XP level 2. HP: 18/22 MP: 2/2
   667 | D:2      | Gained mutation: Your movements are less encumbered by
                  | armour. (ER -4) [demonic ancestry]
   667 | D:2      | Reached XP level 3. HP: 4/28 MP: 3/3
  1014 | D:2      | Noticed Jessica
  1032 | D:2      | HP: 1/28 [Jessica/nerve-wracking pain (4)]
  1033 | D:2      | Succumbed to Jessica's poison

Vault maps used:
D:1:      minmay_arrival_up_and_down
D:2:      nicolae_overflow_crystal_walls, minmay_misc_feat_five,
          chequers_serial_rivers_room_a, uniq_jessica

Skill      XL: |  1  2 |
---------------+-------+-----
Long Blades    | 3 |  3.5
Dodging        | 3 |  3.1
Fighting       | |  2.5
Throwing       | |  1.7
Armour         | |  0.1

Action                   || total
-------------------------++-------
Melee: Long sword        ||    79
Throw: Throwing net      ||     3
  Use: Potion            ||     5
 Stab: Sleeping          ||     1
Armor: Leather armour    ||    20
Dodge: Dodged            ||    63
       Rpst.: Long sword ||    17

Table legend:
 A = Non-vault XP
 B = Vault XP
 C = Vault XP percentage of total XP
 D = Non-vault monster count
 E = Vault monster count
 F = Vault count percentage of total count
                 A         B        C        D         E       F
            +---------+---------+-------+---------+---------+-------
      Total |      70 |       0 |   0.0 |      26 |       0 |   0.0
            +---------+---------+-------+---------+---------+-------
        D:1 |      35 |       0 |   0.0 |      19 |       0 |   0.0
        D:2 |      35 |       0 |   0.0 |       7 |       0 |   0.0
            +---------+---------+-------+---------+---------+-------
